 Dungeon Crawl Stone Soup version 0.29-a0-1006-g0dd7720b37 (webtiles) character file.

Game seed: 15439013179148933615

55688 voltaire321 the Nimble (level 14, -4/88 HPs)
             Began as a Deep Elf Earth Elementalist on Aug 7, 2022.
             Was a High Priest of Vehumet.
             Slain by a very large slime creature (53 damage)
             ... on level 12 of the Dungeon.
             The game lasted 01:42:35 (23860 turns).

voltaire321 the Nimble (DEEE)                      Turns: 23860, Time: 01:42:35

Health: -4/88      AC: 16    Str:  7    XL:     14   Next: 39%
Magic:  26/40      EV: 19    Int: 24    God:    Vehumet [*****.]
Gold:   888        SH:  5    Dex: 15    Spells: 9/35 levels left

rFire   . . .      SeeInvis +   Q - +5 double sword of Nacekk {vamp, rN+ MP+9}
rCold   + . .      Faith    .   (no shield)
rNeg    + . .      Spirit   .   N - +5 robe of Night {Dark Will+ SInv}
rPois   +          Reflect  +   O - +2 helmet of the Endless Expanse {Fly SInv}
rElec   +          Harm     .   R - +2 cloak {Stlth+}
rCorr   +          Rampage  .   F - +2 pair of gloves
Will    ++...                   (no boots)
Stlth   ++++......              z - amulet of reflection
HPRegen 0.24/turn               f - ring of the Trout {+Blink rElec rC+ rCorr}
MPRegen 0.27/turn               m - ring of poison resistance

@: flying
A: no striking features
a: Renounce Religion, Evoke Blink


You were on level 12 of the Dungeon.
You worshipped Vehumet.
Vehumet was extremely pleased with you.
You visited 4 branches of the dungeon, and saw 20 of its levels.
You also visited: Gauntlet.

You collected 1902 gold pieces.
You spent 1014 gold pieces at shops.

Inventory:

Hand Weapons
 L - the +10 long sword of Overwhelming Force {protect, rC- rN+ Str+3 Int+4}
   (You found it on level 2 of the Lair of Beasts)

   It grants its wielder temporary protection when it strikes (+7 to AC).
   Str:       It affects your strength (+3).
   Int:       It affects your intelligence (+4).
   rC:        It makes you vulnerable to cold.
   rN:        It protects you from negative energy.
 Q - the +5 double sword of Nacekk (weapon) {vamp, rN+ MP+9}
   (You found it in a Gauntlet)

   It occasionally heals its wielder for a portion of the damage dealt when it
   wounds a living foe.
   rN:        It protects you from negative energy.
   MP:        It affects your magic capacity (+9).
Armour
 F - a +2 pair of gloves (worn)
 N - the +5 robe of Night (worn) {Dark Will+ SInv}
   (You found it on level 3 of the Lair of Beasts)

   It shrouds the wearer in darkness, reducing the range at which they can see
   and be seen by others.
   SInv:      It lets you see invisible.
   Will:      It increases your willpower.
 O - the +2 helmet of the Endless Expanse (worn) {Fly SInv}
   (You found it in a Gauntlet)

   SInv:      It lets you see invisible.
   Fly:       It grants you flight.
 R - a +2 cloak of stealth (worn)
Magical Staves
 j - a staff of earth
Jewellery
 f - the ring of the Trout (left hand) {+Blink rElec rC+ rCorr}
   (You bought it in a shop on level 7 of the Dungeon)

   [ring of resist corrosion]

   rC:        It protects you from cold.
   rElec:     It insulates you from electricity.
   +Blink:    It lets you blink.
   rCorr:     It protects you from acid and corrosion.
 g - a ring of willpower
 l - an amulet of magic regeneration
 m - a ring of poison resistance (right hand)
 p - a ring of positive energy
 t - an amulet of the acrobat
 z - an amulet of reflection (around neck)
 P - a ring of magical power
Wands
 r - a wand of charming (9)
 v - a wand of acid (14)
 x - a wand of mindburst (47)
 B - a wand of roots (30)
 I - a wand of flame (15)
Scrolls
 e - 8 scrolls of teleportation
 o - 2 scrolls of amnesia
 u - 3 scrolls of poison
 y - 5 scrolls of fear
 A - 4 scrolls of vulnerability
 C - 2 scrolls of fog
 G - a scroll of summoning
 J - 3 scrolls of enchant weapon
 K - 2 scrolls of enchant armour
Potions
 b - a potion of magic
 c - 3 potions of haste
 d - 5 potions of resistance
 h - 6 potions of curing
 i - 7 potions of mutation
 n - 2 potions of invisibility
 q - a potion of lignification
 w - 2 potions of might
 D - a potion of berserk rage
 E - a potion of cancellation
 H - 3 potions of flight
 M - 3 potions of brilliance


   Skills:
 + Level 10.0 Fighting
 + Level 14.1 Dodging
 - Level 5.0 Stealth
 + Level 11.2 Spellcasting
 - Level 5.0 Conjurations
 - Level 3.0 Summonings
 - Level 2.0 Transmutations
 - Level 12.0 Ice Magic
 + Level 13.2 Earth Magic
 - Level 5.0 Evocations


You had 9 spell levels left.
You knew the following spells:

 Your Spells              Type           Power      Damage    Failure   Level
a - Sandblast             Erth           100%       2d20      0%          1
b - Passwall              Tmut/Erth      41%        N/A       1%          2
c - Stone Arrow           Conj/Erth      100%       3d13      1%          3
d - Frozen Ramparts       Ice            100%       1d16      1%          3
e - Summon Ice Beast      Ice/Summ       49%        N/A       2%          4
f - Searing Ray           Conj           74%        2d7       1%          2
g - Freezing Cloud        Conj/Ice/Air   20%        6-21      3%          5
h - Iron Shot             Conj/Erth      27%        9d6       4%          6

Your spell library contained the following spells:

 Spells                   Type           Power      Damage    Failure   Level
 Eringya's Noxious Bog    Tmut/Pois      9%         N/A       71%         6
 Shock                    Conj/Air       100%       1d9       1%          1
 Poisonous Vapours        Pois/Air       26%        N/A       1%          2
 Conjure Flame            Conj/Fire      25%        6-21      1%          3
 Mephitic Cloud           Conj/Pois/Air  21%        N/A       1%          3
 Hailstorm                Conj/Ice       52%        3d12      1%          4
 Petrify                  Tmut/Erth      50%        N/A       1%          4
 Ice Form                 Ice/Tmut       47%        N/A       2%          4
 Sting                    Tmut/Pois      72%        1d6       3%          1
 Ignite Poison            Fire/Tmut/Pois 16%        N/A       3%          3
 Iskenderun's Mystic Bla  Conj/Tloc      25%        2d7       4%          4
 Sticky Flame             Conj/Fire      25%        2d5       4%          4
 Blink                    Tloc           26%        N/A       7%          2
 Sublimation of Blood     Necr           13%        N/A       7%          2
 Irradiate                Conj/Tmut      15%        3d16      9%          5
 Spider Form              Tmut/Pois      18%        N/A       10%         3
 Airstrike                Air            6%         2d(1-17)  13%         4
 Olgreb's Toxic Radiance  Pois           13%        N/A       13%         4
 Fireball                 Conj/Fire      12%        3d7       13%         5
 Portal Projectile        Hex/Tloc       26%        N/A       14%         3
 Swiftness                Air            13%        N/A       14%         3
 Dispel Undead            Necr           13%        3d9       43%         4
 Passage of Golubria      Tloc           13%        N/A       43%         4
 Simulacrum               Ice/Necr       21%        N/A       52%         6
 Starburst                Conj/Fire      12%        6d5       52%         6
 Summon Forest            Summ/Tloc      10%        N/A       56%         5
 Dispersal                Tloc           6%         N/A       100%        6
 Disjunction              Tloc           6%         N/A       100%        8
 Ignition                 Fire           6%         3d4       100%        8


Dungeon Overview and Level Annotations

Branches:
Dungeon (12/15)            Temple (1/1) D:6            Lair (5/5) D:10
  Swamp (0/4) Lair:3        Snake (0/4) Lair:3        Slime (0/5) Lair:4
    Orc (2/2) D:10            Elf (0/3) Orc:2       Gauntlet (visited)

Altars:
Ashenzari
Cheibriados
Dithmenos
Elyvilon
Fedhas
Gozag
Hepliaklqana
Makhleb
Qazlal
Ru
Sif Muna
Trog
Vehumet
Wu Jian
Yredelemnul
Zin
Jiyva

Shops:
D:2 =!(   D:7 =   D:9 *   Orc:2 ?:[*

Annotations:
D:3 Sigmund
Lair:2 exclusion: oklob plant
Lair:4 1 runed translucent door, avis's ghost, journeyman DgIE


Message History

Press: ? - help, Shift-Dir - straight line, f/p - slime creature
Aim: a slime creature (96% to hit)
The searing ray hits the slime creature.
The slime creature is lightly wounded.
The searing ray hits the slime creature!
The slime creature is moderately wounded. (Press . to maintain the ray.)
The searing ray hits the slime creature!
The slime creature is moderately wounded.
The searing ray hits the slime creature!
The slime creature is moderately wounded.
The searing ray hits the slime creature!
The slime creature is lightly wounded.
The searing ray hits the slime creature.
The slime creature is moderately wounded.
The searing ray hits the slime creature!
The slime creature is heavily wounded.
The searing ray hits the slime creature!
The slime creature is moderately wounded.
The slime creature hits you!
The searing ray hits the slime creature!
The slime creature is moderately wounded.
The searing ray hits the slime creature!
The slime creature is severely wounded.
The searing ray hits the slime creature.
The slime creature is moderately wounded.
You finish channelling your searing ray.
The slime creature hits you but does no damage.
Two slime creatures merge to form a large slime creature.
Two slime creatures merge to form a very large slime creature.
The very large slime creature attacks as you move away!
The very large slime creature misses you.
Found a scroll of teleportation.
The very large slime creature attacks as you move away!
The very large slime creature completely misses you.
You see here a scroll of teleportation.
The very large slime creature hits you!!
The very large slime creature hits you!!!
Ouch! That really hurt!
You die...

#...#...########
#.!.##..##..##..
#...##..##......
........#.<.#.......
........#...#.......
########.##.###'###.)
#...#######.###.###..
#.?J............))...
#...@...J............
####+###..####..####'
#..####..##...
....#....+....
+....#.<..#.... #...
+....#.... #...
##...####†
##...###...####.
.............#..


You could see a very large slime creature and a slime creature.

Vanquished Creatures
  A balrug (Gauntlet)
  Nessos (Lair:4)
  A minotaur (Gauntlet)
  The ghost of Xetequo the Peltast, a journeyman MiFi of Trog (Lair:3)
  An ettin (Orc:1)
  A boulder beetle (D:12)
  5 hydras
  A merfolk avatar (Lair:5)
  2 two-headed ogres
  3 catoblepae
  Erica (D:8)
  A lindwurm (Lair:2)
  2 orc knights
  Pikel (D:9)
  3 ugly things
  4 manticores
  A manticore (shapeshifter) (Gauntlet)
  10 orc sorcerers (Orc:2)
  4 cyclopes
  3 black mambas
  Joseph (D:8)
  A torpor snail (Lair:3)
  2 gargoyles (D:11)
  12 cane toads
  6 rime drakes
  6 komodo dragons
  3 trolls
  3 hornets
  A polar bear (Lair:5)
  3 meliai (D:12)
  A wind drake (Lair:5)
  3 dream sheep (Lair:3)
  5 slime creatures
  2 blink frogs (Lair:5)
  4 wyverns
  63 yaks
  A vampire (D:12)
  2 shadows
  A yak (shapeshifter) (Gauntlet)
  2 basilisks
  2 hogs (D:8)
  A human (D:8)
  Eustachio (D:4)
  2 steam dragons
  3 vampire mosquitoes (D:10)
  A swamp worm (Lair:3)
  8 wargs
  10 water moccasins
  2 hell hounds (Gauntlet)
  14 orc warriors
  3 black bears
  An ice beast (D:8)
  3 ogres
  A sky beast (D:8)
  4 wolves (Lair:1)
  7 centaurs
  4 kobold brigands (D:8)
  Blork the orc (D:6)
  A lemure (D:9)
  5 bullfrogs
  4 scorpions
  3 necrophages
  4 wights (D:9)
  22 killer bees
  2 electric eels
  13 howler monkeys
  2 hounds
  6 jellies
  A gnoll bouda (D:7)
  4 orc priests
  5 iguanas
  31 orc wizards
  8 adders
  9 gnolls
  A white imp (D:4)
  3 worms
  4 dart slugs
  73 orcs
  10 endoplasms
  4 giant cockroaches
  3 goblins (D:1)
  9 hobgoblins
  10 jackals
  3 quokkas
  4 ball pythons
  6 bats
  4 frilled lizards
  10 kobolds
  A rat (D:1)
502 creatures vanquished.

Vanquished Creatures (collateral kills)
  A kobold demonologist (D:11)
  An ice beast (D:7)
2 creatures vanquished.

Vanquished Creatures (others)
  18 demonic plants (Gauntlet)
  23 fungi
  34 plants
75 creatures vanquished.

Grand Total: 579 creatures vanquished

Notes
Turn   | Place    | Note
-------+----------+-------------------------------------------
     0 | D:1      | voltaire321 the Deep Elf Earth Elementalist began the quest
                  | for the Orb.
     0 | D:1      | Reached XP level 1. HP: 10/10 MP: 6/6
   362 | D:1      | Reached XP level 2. HP: 6/15 MP: 0/8
   843 | D:1      | Reached XP level 3. HP: 19/20 MP: 7/9
  1159 | D:2      | Found Tuesolod's Distillery.
  1186 | D:2      | Learned a level 2 spell: Passwall
  1190 | D:2      | Learned a level 3 spell: Stone Arrow
  1216 | D:2      | Found Gilausse's Jewellery Emporium.
  1295 | D:2      | Found Joehyc's Antique Weapon Shop.
  1600 | D:2      | Found a faded altar of an unknown god.
  1887 | D:3      | Noticed Sigmund
  1971 | D:3      | Reached skill level 1 in Fighting
  1976 | D:3      | Reached skill level 3 in Dodging
  1976 | D:3      | Reached XP level 4. HP: 5/25 MP: 4/11
  2665 | D:4      | Reached skill level 1 in Conjurations
  2782 | D:4      | Noticed a scorpion
  2791 | D:4      | Killed a scorpion
  2792 | D:4      | Reached XP level 5. HP: 25/29 MP: 0/13
  3018 | D:4      | Learned a level 3 spell: Frozen Ramparts
  3061 | D:4      | Noticed Eustachio
  3267 | D:4      | Reached XP level 6. HP: 25/35 MP: 10/14
  3631 | D:4      | Reached skill level 1 in Ice Magic
  4118 | D:4      | Killed Eustachio
  4119 | D:4      | Reached skill level 4 in Dodging
  4119 | D:4      | Reached XP level 7. HP: 40/40 MP: 2/16
  4345 | D:5      | Entered Level 5 of the Dungeon
  4949 | D:5      | Reached skill level 5 in Spellcasting
  5076 | D:5      | Reached skill level 5 in Stealth
  5093 | D:5      | Identified the +4 trident "Hyboig" {vorpal, rN+ Str+6 Int-4
                  | Stlth+}
  6012 | D:6      | Noticed Blork the orc
  6018 | D:6      | Killed Blork the orc
  6019 | D:6      | Reached skill level 5 in Earth Magic
  6119 | D:6      | Reached XP level 8. HP: 45/45 MP: 13/18
  6153 | D:6      | Learned a level 4 spell: Summon Ice Beast
  6427 | D:6      | Found a staircase to the Ecumenical Temple.
  6433 | Temple   | Entered the Ecumenical Temple
  6446 | Temple   | Became a worshipper of Vehumet
  6734 | D:7      | Found Rusast's Jewellery Emporium.
  6762 | D:7      | Reached skill level 5 in Dodging
  6762 | D:7      | Reached skill level 1 in Summonings
  6797 | D:7      | You fall into a shaft and drop 3 floors!
  6797 | D:10     | Entered Level 10 of the Dungeon
  6872 | D:10     | Noticed a hornet
  7610 | D:7      | Found a sacrificial altar of Ru.
  7617 | D:7      | Found a bloodstained altar of Trog.
  7621 | D:7      | Reached XP level 9. HP: 51/51 MP: 8/20
  7621 | D:7      | Found a glowing silver altar of Zin.
  7626 | D:7      | Found an ornate altar of the Wu Jian Council.
  7633 | D:7      | Found a snail-covered altar of Cheibriados.
  7868 | D:7      | Reached * piety under Vehumet
  7868 | D:7      | Offered knowledge of Magic Dart by Vehumet.
  8163 | D:8      | Reached skill level 6 in Dodging
  8239 | D:8      | Reached skill level 5 in Conjurations
  8441 | D:8      | Found an ornate altar of the Wu Jian Council.
  8443 | D:8      | Noticed a two-headed ogre
  8450 | D:8      | Killed a two-headed ogre
  8451 | D:8      | Reached skill level 7 in Dodging
  8451 | D:8      | Reached skill level 5 in Ice Magic
  8703 | D:8      | Noticed Joseph
  8718 | D:8      | Killed Joseph
  8719 | D:8      | Reached XP level 10. HP: 43/58 MP: 9/22
  8826 | D:8      | Reached ** piety under Vehumet
  8826 | D:8      | Offered knowledge of Searing Ray by Vehumet.
  8827 | D:8      | Reached skill level 5 in Fighting
  8831 | D:8      | Reached skill level 8 in Dodging
  8835 | D:8      | Learned a level 2 spell: Searing Ray
  8854 | D:8      | Noticed Erica
  8873 | D:8      | Killed Erica
  9804 | D:9      | Found a blossoming altar of Fedhas.
  9863 | D:9      | Found Otoetzo's Demolitions Depot.
 10110 | D:9      | Offered knowledge of Static Discharge by Vehumet.
 10214 | D:9      | Reached skill level 9 in Dodging
 10299 | D:9      | Noticed Pikel
 10305 | D:9      | Killed Pikel
 10406 | D:10     | Found a staircase to the Orcish Mines.
 10421 | D:10     | Found a staircase to the Lair.
 10430 | D:10     | Reached XP level 11. HP: 64/64 MP: 14/25
 10584 | D:10     | Reached *** piety under Vehumet
 10709 | D:10     | Offered knowledge of Iskenderun's Mystic Blast by Vehumet.
 11107 | D:10     | Noticed a two-headed ogre
 11113 | D:10     | Killed a two-headed ogre
 11573 | D:11     | Reached skill level 10 in Dodging
 11846 | D:11     | Noticed a sun demon
 12489 | D:11     | Noticed a green ugly thing
 12508 | D:11     | Killed a green ugly thing
 12515 | D:11     | Learned a level 5 spell: Freezing Cloud
 12964 | Lair:1   | Entered Level 1 of the Lair of Beasts
 12981 | Lair:1   | Noticed a catoblepas
 13023 | Lair:1   | Noticed an eight-headed hydra
 13029 | Lair:1   | Killed an eight-headed hydra
 13030 | Lair:1   | Reached skill level 10 in Earth Magic
 13190 | Lair:1   | Reached XP level 12. HP: 69/72 MP: 27/27
 13208 | Lair:1   | You fall into a shaft and drop 1 floor!
 13281 | Lair:2   | Reached skill level 10 in Spellcasting
 13485 | Lair:1   | Killed a catoblepas
 14193 | Lair:2   | Noticed a four-headed hydra
 14199 | Lair:2   | Killed a four-headed hydra
 14200 | Lair:2   | Reached skill level 11 in Dodging
 14433 | Lair:2   | Noticed a catoblepas
 14443 | Lair:2   | Killed a catoblepas
 14443 | Lair:2   | Reached **** piety under Vehumet
 14638 | Lair:2   | Identified the +10 long sword of Overwhelming Force
                  | {protect, rC- rN+ Str+3 Int+4}
 14992 | Lair:3   | Got the Grimoire of Pollution and the Mausoleum
 15034 | Lair:3   | Reached skill level 10 in Ice Magic
 15297 | Lair:3   | Found a runed translucent gate.
 15297 | Lair:3   | Found a runed translucent gate.
 15297 | Lair:3   | Noticed Xetequo's ghost (journeyman MiFi)
 15298 | Lair:3   | Found a runed translucent gate.
 15334 | Lair:3   | Offered knowledge of Inner Flame by Vehumet.
 15664 | Lair:3   | Found a staircase to the Snake Pit.
 15666 | Lair:3   | Found a staircase to the Swamp.
 16140 | Lair:3   | Found a viscous altar of Jiyva.
 16140 | Lair:3   | Found the +5 robe of Night {Dark Will+ SInv}
 16165 | Lair:3   | Killed Xetequo's ghost
 16166 | Lair:3   | Reached skill level 12 in Dodging
 16648 | Lair:4   | Noticed Nessos
 16657 | Lair:4   | Killed Nessos
 16987 | Lair:4   | Reached XP level 13. HP: 77/79 MP: 17/29
 17053 | Lair:4   | Found a viscous altar of Jiyva.
 17053 | Lair:4   | Found a staircase to the Slime Pits.
 17212 | D:7      | Bought the ring of the Trout {+Blink rElec rC+ rCorr} for
                  | 624 gold pieces
 17721 | Lair:4   | Found a runed translucent door.
 17721 | Lair:4   | Noticed avis's ghost (journeyman DgIE)
 18062 | Lair:5   | Entered Level 5 of the Lair of Beasts
 18103 | Lair:5   | Reached skill level 1 in Evocations
 18104 | Lair:5   | Identified the +2 plate armour of Action {rC++ rN+}
 18499 | Lair:5   | Reached ***** piety under Vehumet
 18643 | Lair:5   | Offered knowledge of Iron Shot by Vehumet.
 18651 | Lair:5   | Learned a level 6 spell: Iron Shot
 18915 | Lair:5   | Reached skill level 13 in Dodging
 19358 | Lair:5   | Identified the +5 falchion of Wrongful Imprisonment
                  | {freeze, rF- rCorr Dex+6}
 20071 | Orc:1    | Entered Level 1 of the Orcish Mines
 20467 | Orc:1    | Noticed an ettin
 20469 | Orc:1    | Killed an ettin
 20921 | Orc:2    | Entered Level 2 of the Orcish Mines
 20924 | Orc:2    | Found a staircase to the Elven Halls.
 21337 | Orc:2    | Reached skill level 5 in Evocations
 21577 | Orc:2    | Reached XP level 14. HP: 86/86 MP: 19/30
 21671 | Orc:2    | Offered knowledge of Eringya's Noxious Bog by Vehumet.
 21775 | Orc:2    | Found Icuwoh's Antique Armour Emporium.
 21775 | Orc:2    | Found Netwinle's Assorted Antiques.
 21980 | Orc:2    | Found Lussid's Magic Scroll Emporium.
 21980 | Orc:2    | Found Tohao's Book Shop.
 22296 | D:2      | Bought an amulet of reflection for 390 gold pieces
 22654 | D:12     | Found a gate leading to a gauntlet.
 22661 | Gauntlet | Entered a Gauntlet
 22675 | Gauntlet | Found a transporter.
 22675 | Gauntlet | Found a transporter.
 22689 | Gauntlet | Found a transporter.
 22689 | Gauntlet | Found a transporter.
 22691 | Gauntlet | Noticed a balrug
 22695 | Gauntlet | Found a transporter.
 22702 | Gauntlet | Found a transporter.
 22728 | Gauntlet | Found a transporter.
 22728 | Gauntlet | Found a transporter.
 22755 | Gauntlet | Found a transporter.
 22769 | Gauntlet | Found a transporter.
 22806 | Gauntlet | Noticed a balrug
 22860 | Gauntlet | Found a transporter.
 22860 | Gauntlet | Found a transporter.
 22898 | Gauntlet | Noticed a broodmother
 22905 | Gauntlet | a broodmother changed into a jorogumo
 22957 | Gauntlet | Killed a balrug
 22957 | Gauntlet | HP: 3/84 [burnt (9)]
 23248 | Gauntlet | Identified the +2 helmet of the Endless Expanse {Fly SInv}
 23259 | Gauntlet | Identified the +5 double sword of Nacekk {vamp, rN+ MP+9}
 23286 | Gauntlet | Identified the +4 great mace "Deloceet" {vamp, Fragile rF+
                  | Will- Dex+6}
 23290 | Gauntlet | Reached skill level 14 in Dodging
 23295 | Gauntlet | Got Sif Muna's Quarto of Superposition
 23653 | D:12     | Reached skill level 10 in Fighting
 23860 | D:12     | Slain by a very large slime creature

Illustrated notes

Levels and vault maps discovered:
D:1:      wander_arrival_estate, layout_rooms
D:2:      layout_basic, dreamdust_ecumenical_altar_grove, serial_shops,
          nicolae_shop_behind_doors, nicolae_shop_hallway_plus,
          nicolae_shop_waterfront, chequers_garden
D:3:      layout_basic, uniq_sigmund
D:4:      layout_gridville, uniq_eustachio
D:5:      layout_layer_cave
D:6:      layout_loops_ring, minmay_temple_entry_wispy, uniq_blork_the_orc
D:7:      layout_loops_ring, nicolae_overflow_hallway_of_the_gods,
          nicolae_ossuary_entry_monument, serial_shops, nicolae_stop_n_shop_1,
          minivault_25
D:8:      layout_cave_pools, grunt_livestock, minmay_misc_feat_iff,
          minmay_ruined_shrine, uniq_erica, uniq_joseph
D:9:      layout_loops_corners, fedhas_altar_2, minmay_fountain_box,
          grunt_decor_resistance, nicolae_blasting_shop, uniq_pikel
D:10:     layout_loops_ring, david_lair_generic, orc_0_dummy,
          kennysheep_generic_room_6
D:11:     layout_loops_corners
D:12:     layout_gridville, gauntlet_entry_generic, drop_trap, bh_walls_and_bars
Temple:   compressed_dpeg_triangle_lava_temple
Lair:1:   layout_gridlike
Lair:2:   layout_small_grid, nicolae_quartered_pool_impasse, st_stairs_8,
          chequers_serial_rivers_small_a, beast_lair_carwin_4
Lair:3:   layout_long_grid, minmay_swamp_entry_worms, dummy_snake_entry,
          gammafunk_ghost_ooze, grunt_megastairs_1
Lair:4:   layout_gridlike, nicolae_slime_entry_slimehenge,
          gammafunk_ghost_grave, minivault_25, uniq_nessos
Lair:5:   gammafunk_lair_ancient_temple, layout_hall_layers,
          serial_bayou_shore_b
Orc:1:    layout_caves
Orc:2:    st_orc_town, layout_caves, special_room, mines4_lemuel

Skill      XL: |  1  2  3  4  5  6  7  8  9 10 11 12 13 14 |
---------------+-------------------------------------------+-----
Stealth        | 3 4 5 |  5.0
Fighting       | 1 2 3 4 6 7 8 9 10 | 10.0
Dodging        | 3 4 5 7 9 10 12 13 14 | 14.1
Transmutations | 2 |  2.0
Conjurations   | 1 2 3 4 5 |  5.0
Spellcasting   | 4 5 6 7 8 9 10 11 | 11.2
Earth Magic    | 4 5 7 8 10 11 12 13 | 13.2
Ice Magic      | 1 2 4 5 7 9 10 12 | 12.0
Summonings     | 2 3 |  3.0
Evocations     | 5 |  5.0

Action                   |  1- 3 |  4- 6 |  7- 9 | 10-12 | 13-15 || total
-------------------------+-------+-------+-------+-------+-------++-------
Melee: Staff             |       |       |    18 |    22 |    51 ||    91
       Punch             |       |       |     1 |       |     1 ||     2
       Double sword      |       |       |       |       |     8 ||     8
 Cast: Sandblast         |    71 |    39 |    67 |    66 |    55 ||   298
       Stone Arrow       |       |    11 |    48 |   173 |   147 ||   379
       Passwall          |       |     1 |       |       |       ||     1
       Frozen Ramparts   |       |       |    13 |    36 |    36 ||    85
       Searing Ray       |       |       |       |     1 |     2 ||     3
       Freezing Cloud    |       |       |       |     1 |     9 ||    10
       Iron Shot         |       |       |       |       |    34 ||    34
       Summon Ice Beast  |       |       |       |       |     4 ||     4
Evoke: Wand              |       |       |       |     1 |       ||     1
  Use: Scroll            |       |     8 |    10 |    10 |     4 ||    32
       Potion            |       |       |       |     7 |     4 ||    11
Armor: Robe              |     6 |     9 |    10 |    24 |    54 ||   103
Dodge: Dodged            |    21 |    38 |    50 |   122 |   154 ||   385
Block: Other             |       |       |       |       |     6 ||     6
       Reflection        |       |       |       |       |     1 ||     1

Table legend: (Time is in decaauts)
 A = Elapsed time spent in this place.
 B = Non-inter-level travel time spent in this place.
 C = Inter-level travel time spent in this place.
 D = Time resting spent in this place.
 E = Time spent auto-exploring this place.
 F = Levels seen in this place.
 G = Mean time per level.
                   A        B        C        D        E       F      G
               +--------+--------+--------+--------+--------+-----+--------+
         Total |  24257 |  22485 |   1772 |   7473 |   9012 |  21 | 1155.1 |
       Dungeon |  14631 |  13435 |   1196 |   4575 |   5339 |  12 | 1219.2 |
        Temple |     26 |     26 |      0 |      0 |      0 |   1 |   26.0 |
          Lair |   7080 |   6722 |    358 |   2074 |   3294 |   5 | 1416.0 |
  Orcish Mines |   1783 |   1566 |    217 |    420 |    379 |   2 |  891.5 |
      Gauntlet |    735 |    735 |      0 |    404 |      0 |   1 |  735.0 |
               +--------+--------+--------+--------+--------+-----+--------+

Top non-repeatable levels by time:
  Lair:5: 1840 daAuts
    D:10: 1831 daAuts
     D:9: 1795 daAuts
     D:4: 1768 daAuts
     D:5: 1633 daAuts
  Lair:3: 1582 daAuts
  Lair:4: 1577 daAuts
    D:11: 1341 daAuts
   Orc:2: 1229 daAuts
     D:1: 1176 daAuts
  Lair:2: 1102 daAuts
     D:7: 979 daAuts
  Lair:1: 977 daAuts
     D:8: 971 daAuts
     D:3: 956 daAuts
